 Dungeon Crawl Stone Soup version 0.25-a0-435-g4b9beb1024 (webtiles) character file.

Game seed: 1166234394909708663, levelgen mode: deterministic

2562 loom the Blocker (level 9, 0/79 HPs)
             Began as a Minotaur Fighter on Jan 28, 2020.
             Was a Follower of Qazlal.
             Slain by Maurice the porcupine (11 damage)
             ... on level 8 of the Dungeon.
             The game lasted 00:06:46 (6307 turns).

loom the Blocker (Minotaur Fighter)                 Turns: 6307, Time: 00:06:46

Health: 0/79       AC: 11    Str: 24    XL:     9   Next: 31%
Magic:  19/19      EV:  8    Int:  5    God:    Qazlal [*.....]
Gold:   0          SH: 13    Dex: 10    Spells: 8/8 levels left

rFire    . . .     SeeInvis .   a - +0 long sword
rCold    . . .     Gourm    .   c - +0 shield
rNeg     . . .     Faith    .   b - +0 scale mail
rPois    .         Spirit   .   l - +2 hat
rElec    .         Reflect  .   (no cloak)
rCorr    +         Harm     .   v - +0 pair of gloves
MR       .....                  (no boots)
Stlth    ..........             (no amulet)
HPRegen  0.23/turn              y - ring of resist corrosion
MPRegen  0.16/turn              u - ring of magical power

@: no status effects
A: retaliatory headbutt, horns 2
a: Renounce Religion


You were on level 8 of the Dungeon.
You worshipped Qazlal.
Qazlal was aware of your devotion.
You were not hungry.

You visited 2 branches of the dungeon, and saw 9 of its levels.

Inventory:

Hand Weapons
 a - a +0 long sword (weapon)
Armour
 b - a +0 scale mail (worn)
 c - a +0 shield (worn)
 l - a +2 hat (worn)
 v - a +0 pair of gloves (worn)
Jewellery
 u - a ring of magical power (right hand)
 y - a ring of resist corrosion (left hand)
 D - an uncursed ring of protection from cold {unknown}
Wands
 C - a wand of polymorph (6)
Scrolls
 g - 2 scrolls of teleportation {unknown}
 i - a scroll of immolation {unknown}
 j - a scroll of remove curse
 m - 7 scrolls of identify
 p - a scroll of blinking {unknown}
 q - 2 scrolls of magic mapping
 r - a scroll of noise {unknown}
 w - a scroll of fog {unknown}
Potions
 d - a potion of might
 e - 2 potions of haste {unknown}
 h - a potion of magic {unknown}
 k - a potion of heal wounds
 n - a potion of resistance {unknown}
 o - a potion of brilliance {unknown}
 s - a potion of agility {unknown}
 t - 2 potions of curing {unknown}
 x - a potion of flight {unknown}
 z - a potion of cancellation {unknown}
 A - a potion of degeneration {unknown}
 B - a potion of ambrosia {unknown}
Comestibles
 f - 17 rations


   Skills:
 + Level 7.0 Fighting
 * Level 8.8 Long Blades
 + Level 6.9 Armour
 * Level 9.1 Shields
 + Level 3.2 Invocations


You had 8 spell levels left.
You didn't know any spells.
Your spell library contained the following spells:

 Spells                   Type           Power        Failure   Level  Hunger
 Animate Skeleton         Necr           N/A          94%         1    ##.....
 Apportation              Tloc           #.....       94%         1    ##.....
 Corona                   Hex            #......      94%         1    ##.....
 Magic Dart               Conj           #...         94%         1    ##.....
 Summon Small Mammal      Summ           #...         94%         1    ##.....
 Blink                    Tloc           N/A          98%         2    ###....
 Call Imp                 Summ           #.......     98%         2    ###....
 Slow                     Hex            #.......     98%         2    ###....
 Conjure Flame            Conj/Fire      #.......     100%        3    ####...
 Inner Flame              Hex/Fire       #.......     100%        3    ####...
 Mephitic Cloud           Conj/Pois/Air  #.......     100%        3    ####...
 Portal Projectile        Hex/Tloc       #.....       100%        3    ####...
 Cause Fear               Hex            #.........   100%        4    #####..
 Leda's Liquefaction      Hex/Erth       #.........   100%        4    #####..


Dungeon Overview and Level Annotations

Branches:
Dungeon (8/15)             Temple (1/1) D:5
   Lair: D:8-11

Altars:
Ashenzari
Fedhas
Nemelex Xobeh
Qazlal
Ru
Uskayaw
Vehumet
Xom
Yredelemnul

Annotations:
D:4 1 runed translucent door, anet's ghost, amateur DEWz
D:8 Maurice


Innate Abilities, Weirdness & Mutations

You reflexively headbutt those who attack you in melee.
You have a pair of horns on your head.


Message History

Maurice bites you!
* * * LOW HITPOINT WARNING * * *
You barely miss Maurice. Your headbutt misses Maurice.
Maurice is almost dead.
You block Maurice's attack.
You closely miss Maurice. Your headbutt misses Maurice.
Maurice is almost dead.
Maurice twitches its whiskers.
Maurice bites you.
* * * LOW HITPOINT WARNING * * *
You barely miss Maurice. Your headbutt misses Maurice.
Maurice is almost dead.
You block Maurice's attack. Maurice closely misses you.
You closely miss Maurice.
Maurice is almost dead.
You block Maurice's attack.
You barely miss Maurice.
Maurice is almost dead.
Maurice bites you!
You die...

##.#####.# ###......# **
#..# #.######...####
##.####....[.+...#
#....<.######...#
##..##.# #.(.#
#..##.##***#...#
***#..##.(...##..(####
,,,..............#..[###
**##.........###@......#
,,*#.......<....r_.....#*
*,*#...#.#......%.......#
*,,,,,,,,#####.....8.._.#
*,***,,,,,* *...).......#
,,,,,,*,,,**#..#._.....##
*****,,,,,,,...........#
*,,,,,,.#.#......###
*,,,,,,,,,***,,,,*


You could see Maurice the porcupine.

Vanquished Creatures
  A two-headed ogre (D:8)
  An orc warrior (D:8)
  A sky beast (D:3)
  2 ice beasts
  3 ogres
  A phantom (D:6)
  A centaur (D:5)
  A crocodile (D:8)
  2 bullfrogs
  4 crimson imps
  A centaur zombie (D:6)
  7 hounds
  3 orc wizards
  A centaur skeleton (D:5)
  5 iguanas
  2 worker ants
  A hound zombie (D:6)
  2 hound skeletons
  9 adders
  5 gnolls
  A howler monkey skeleton (D:6)
  A shadow imp (D:7)
  An adder skeleton (D:5)
  4 worms
  2 dart slugs
  3 leopard geckos
  11 orcs
  4 giant cockroaches
  6 goblins
  7 hobgoblins
  4 jackals
  8 kobolds
  6 quokkas
  A ball python skeleton (D:4)
  5 bats
  3 frilled lizards
  8 rats
128 creatures vanquished.

Notes
Turn   | Place    | Note
-------+----------+-------------------------------------------
     0 | D:1      | loom the Minotaur Fighter began the quest for the Orb.
     0 | D:1      | Reached XP level 1. HP: 19/19 MP: 0/0
   292 | D:1      | Reached skill level 4 in Shields
   292 | D:1      | Reached XP level 2. HP: 6/27 MP: 1/1
   920 | D:2      | Reached XP level 3. HP: 30/33 MP: 2/2
  1298 | D:2      | Reached XP level 4. HP: 31/40 MP: 3/3
  1598 | D:3      | Noticed a sky beast
  1615 | D:3      | Killed a sky beast
  1615 | D:3      | Reached skill level 5 in Shields
  1615 | D:3      | Reached XP level 5. HP: 38/47 MP: 4/4
  2488 | D:4      | Found a sacrificial altar of Ru.
  2501 | D:4      | Reached XP level 6. HP: 49/53 MP: 5/5
  2552 | D:4      | Reached skill level 5 in Long Blades
  2624 | D:4      | Found a runed translucent door.
  2628 | D:4      | Noticed anet's ghost (amateur DEWz)
  3238 | D:5      | Entered Level 5 of the Dungeon
  3249 | D:5      | Reached skill level 5 in Fighting
  3249 | D:5      | Reached skill level 6 in Shields
  3304 | D:5      | Reached skill level 5 in Armour
  3364 | D:5      | Reached XP level 7. HP: 56/61 MP: 6/6
  3551 | D:5      | Found a staircase to the Ecumenical Temple.
  3769 | Temple   | Entered the Ecumenical Temple
  3807 | Temple   | Became a worshipper of Qazlal Stormbringer
  4077 | D:6      | Reached skill level 7 in Shields
  4276 | D:6      | Reached skill level 1 in Invocations
  4276 | D:6      | Reached XP level 8. HP: 70/70 MP: 7/7
  5005 | D:7      | Found a shimmering altar of Xom.
  5185 | D:7      | Found a shimmering altar of Xom.
  5186 | D:7      | Found a shimmering altar of Xom.
  5186 | D:7      | Found a shimmering altar of Xom.
  5187 | D:7      | Found a shimmering altar of Xom.
  5268 | D:7      | Reached skill level 8 in Shields
  5340 | D:8      | Noticed Maurice
  5455 | D:8      | Reached * piety under Qazlal
  5649 | D:8      | Paralysed by Maurice for 3 turns
  6002 | D:8      | Found a shattered altar of Ashenzari.
  6004 | D:8      | Found a basalt altar of Yredelemnul.
  6005 | D:8      | Noticed a two-headed ogre
  6027 | D:8      | Killed a two-headed ogre
  6027 | D:8      | Reached skill level 9 in Shields
  6027 | D:8      | Reached XP level 9. HP: 19/79 MP: 10/10
  6294 | D:8      | Noticed Maurice
  6294 | D:8      | Maurice changed into Maurice the porcupine
  6295 | D:8      | Found a sparkling altar of Nemelex Xobeh.
  6307 | D:8      | Slain by Maurice the porcupine

Levels and vault maps discovered:
D:1:      dpeg_arrival_solitude, layout_loops_ring
D:2:      layout_rooms
D:3:      layout_basic, first_ration, lemuel_another_geyser
D:4:      layout_basic, ebering_ghost_sewer_d, nicolae_ru_sacrificial_ziggurat
D:5:      layout_loops_ring, minmay_temple_entry_tees
D:6:      layout_basic
D:7:      layout_cave_pools, lemuel_crystal_altar, xom_redecorated
D:8:      layout_basic, grunt_temple_overflow_open, uniq_maurice
Temple:   dpeg_five_rooms_temple

Skill      XL: |  1  2  3  4  5  6  7  8 |
---------------+-------------------------+-----
Long Blades    | 3 4 5 6 8 |  8.8
Shields        | 4 5 6 7 9 |  9.1
Fighting       | 4 5 7 |  7.0
Armour         | 4 5 6 |  6.9
Invocations    | 1 3 |  3.2

Action                   |  1- 3 |  4- 6 |  7- 9 || total
-------------------------+-------+-------+-------++-------
Melee: Long sword        |    89 |   155 |   239 ||   483
       Headbutt          |    10 |    30 |    44 ||    84
Evoke: Wand              |       |       |     2 ||     2
  Use: Scroll            |       |     2 |     2 ||     4
  Eat: Chunk             |     1 |     7 |     3 ||    11
       Ration            |       |       |     2 ||     2
Armor: Scale mail        |    38 |    52 |    76 ||   166
Dodge: Dodged            |    32 |    45 |    53 ||   130
Block: Shield            |    42 |    71 |   103 ||   216
       Rpst.: Long sword |     5 |    13 |    26 ||    44

Table legend:
 A = Non-vault XP
 B = Vault XP
 C = Vault XP percentage of total XP
 D = Non-vault monster count
 E = Vault monster count
 F = Vault count percentage of total count
                 A         B        C        D         E       F
            +---------+---------+-------+---------+---------+-------
      Total |    3660 |       0 |   0.0 |     128 |       0 |   0.0
            +---------+---------+-------+---------+---------+-------
        D:1 |      40 |       0 |   0.0 |      16 |       0 |   0.0
        D:2 |      68 |       0 |   0.0 |      25 |       0 |   0.0
        D:3 |     219 |       0 |   0.0 |      19 |       0 |   0.0
        D:4 |     244 |       0 |   0.0 |      17 |       0 |   0.0
        D:5 |     554 |       0 |   0.0 |      16 |       0 |   0.0
        D:6 |     651 |       0 |   0.0 |      17 |       0 |   0.0
        D:7 |     391 |       0 |   0.0 |       7 |       0 |   0.0
        D:8 |    1493 |       0 |   0.0 |      11 |       0 |   0.0
            +---------+---------+-------+---------+---------+-------
